 Dungeon Crawl Stone Soup version 0.22-a0-247-gbddf880 (webtiles) character file.

70 George the Slasher (level 4, 0/39 HPs)
             Began as a Minotaur Fighter on Feb 24, 2018.
             Slain by a kobold
             ... wielding a +0 whip
              (1 damage)
             ... on level 2 of the Dungeon.
             The game lasted 00:01:10 (559 turns).

George the Slasher (Minotaur Fighter)                Turns: 559, Time: 00:01:11

Health: 0/39       AC:  6    Str: 26    XL:     4   Next: 3%
Magic:  3/3        EV:  7    Int:  5    God:
Gold:   36         SH: 10    Dex: 10    Spells: 3/3 levels left

rFire    . . .     SeeInvis .   a - +0 long sword
rCold    . . .     Gourm    .   c - +0 shield
rNeg     . . .     Faith    .   b - +0 scale mail
rPois    .         Spirit   .   (helmet restricted)
rElec    .         Reflect  .   (no cloak)
rCorr    .         Harm     .   (no gloves)
MR       .....                  (no boots)
Stlth    ..........             i - amulet of magic regeneration
HPRegen  0.13/turn              (no ring)
MPRegen  0.33/turn              (no ring)

@: mighty
A: retaliatory headbutt, horns 2
a: no special abilities


You were on level 2 of the Dungeon.
You were not hungry.

You visited 1 branch of the dungeon, and saw 2 of its levels.

You collected 36 gold pieces.

Inventory:

Hand Weapons
 a - a +0 long sword (weapon)
Armour
 b - a +0 scale mail (worn)
 c - a +0 shield (worn)
Jewellery
 i - an amulet of magic regeneration (around neck)
Scrolls
 g - 3 scrolls of identify {unknown}
 j - a scroll of remove curse {unknown}
Potions
 e - 2 potions of degeneration {unknown}
 h - a potion of resistance {unknown}
 k - 2 potions of cancellation {unknown}
Comestibles
 f - 2 rations


   Skills:
 - Level 3.6 Fighting
 + Level 5.3 Long Blades
 - Level 3.6 Armour
 - Level 3.6 Shields


You had 3 spell levels left.
You didn't know any spells.

Dungeon Overview and Level Annotations

Branches:
Dungeon (2/15)

Altars:

Annotations:
D:2 Robin


Innate Abilities, Weirdness & Mutations

You reflexively headbutt those who attack you in melee.
You have a pair of horns on your head.


Message History

The goblin shouts! x2; The hobgoblin shouts! x2; The adder hisses angrily.
You block the kobold's attack.
The hobgoblin moves out of view.
Robin roars a battlecry!
The goblin goes into a battle-frenzy!
A goblin comes into view.
Items here: % ) †† a club; a ration; a hobgoblin corpse x2
You slash Robin! Your headbutt misses Robin.
Robin is heavily wounded.
The goblin hits you with a club.
* * * LOW HITPOINT WARNING * * *
The kobold hits you with a whip.
* * * LOW HITPOINT WARNING * * *
You block the goblin's attack.
Robin drinks a potion.
Robin is healed!
A goblin comes into view. It is wielding a club.
You hit Robin.
Robin is moderately wounded.
The goblin no longer looks unusually strong.
The goblin hits you but does no damage. The kobold hits you with a whip.
You die...

#.#### ## #...)#
.. #.... #.#..g.
..g.###.# .##
#Sg†...#
.....##†###
#.[.gKg.# #
########@.# )# ##
.......gg.###.#...
#######...#.....#
#.#.....# .
#.#.)####..#
#.#........#
##.##..####.#
#......#
#..###.####.#


You could see Robin, an adder, a hobgoblin, 5 goblins and a kobold.

Vanquished Creatures
  Terence (D:2)
  An adder (D:2)
  A worm (D:2)
  A leopard gecko (D:1)
  A giant cockroach (D:1)
  5 goblins
  6 hobgoblins
  3 kobolds (D:1)
  6 bats
  2 frilled lizards
  A rat (D:1)
28 creatures vanquished.

Notes
Turn   | Place    | Note
-------+----------+-------------------------------------------
     0 | D:1      | George the Minotaur Fighter began the quest for the Orb.
     0 | D:1      | Reached XP level 1. HP: 19/19 MP: 0/0
    35 | D:1      | Reached skill level 3 in Long Blades
   113 | D:1      | Reached XP level 2. HP: 22/26 MP: 1/1
   238 | D:1      | Reached skill level 4 in Long Blades
   512 | D:2      | Noticed Terence
   527 | D:2      | Killed Terence
   527 | D:2      | Reached XP level 3. HP: 19/31 MP: 2/2
   543 | D:2      | Noticed Robin
   545 | D:2      | Reached skill level 5 in Long Blades
   553 | D:2      | Reached XP level 4. HP: 7/39 MP: 3/3
   558 | D:2      | HP: 1/39 [kobold/whip (3)]
   559 | D:2      | Slain by a kobold

Vault maps used:
D:1:      tarquinn_simple_flora_water_b
D:2:      nicolae_overflow_hidden_temple, lemuel_doored_altar, first_ration,
          minmay_pentomino_q4, uniq_robin, uniq_sigmund, uniq_terence,
          uniq_jessica

Skill      XL: |  1  2  3 |
---------------+----------+-----
Long Blades    | 3 4 5 |  5.3
Fighting       | |  3.6
Armour         | |  3.6
Shields        | |  3.6

Action                   |  1- 3 |  4- 6 || total
-------------------------+-------+-------++-------
Melee: Long sword        |    76 |     5 ||    81
       Headbutt          |    12 |       ||    12
  Use: Potion            |     1 |       ||     1
Armor: Scale mail        |    56 |     4 ||    60
Dodge: Dodged            |    22 |       ||    22
Block: Shield            |    48 |     6 ||    54
       Rpst.: Long sword |     8 |       ||     8

Table legend:
 A = Spawn XP
 B = Non-spawn XP
 C = Spawn XP percentage of total XP
 D = Spawn monster count
 E = Non-spawn monster count
 F = Spawn count percentage of total count
 G = Total turns spent on level
                    A         B        C        D         E        F      G
               +---------+---------+-------+---------+---------+-------+---------
         Total |       0 |     100 |   0.0 |       0 |      28 |   0.0 |   559
               +---------+---------+-------+---------+---------+-------+---------
           D:1 |       0 |      29 |   0.0 |       0 |      17 |   0.0 |   483
           D:2 |       0 |      71 |   0.0 |       0 |      11 |   0.0 |    76
               +---------+---------+-------+---------+---------+-------+---------
